 Dungeon Crawl Stone Soup version 0.28.0-47-ge53b351184 (webtiles) character file.

Game seed: 13811292435342962514

133 Kangaroobicon the Skirmisher (level 4, -1/37 HPs)
             Began as a Palentonga Fighter on Apr 26, 2022.
             Was an Initiate of Okawaru.
             Slain by a wyvern skeleton (9 damage)
             ... on level 5 of the Dungeon.
             The game lasted 00:31:33 (3649 turns).

Kangaroobicon the Skirmisher (Palentonga Fighter)   Turns: 3649, Time: 00:31:33

Health: -1/37      AC:  8    Str: 19    XL:     4   Next: 94%
Magic:  14/14      EV:  5    Int: 10    God:    Okawaru [......]
Gold:   163        SH:  4    Dex: 10    Spells: 5/5 levels left

rFire   . . .      SeeInvis +   a - +0 war axe
rCold   . . .      Faith    .   c - +0 buckler
rNeg    + . .      Spirit   .   r - +0 chain mail "Tajyuhas" {rN+ rCorr}
rPois   .          Reflect  .   (no helmet)
rElec   .          Harm     .   (no cloak)
rCorr   +          Rampage  .   (no gloves)
Will    .....                   (no barding)
Stlth   ..........              (no amulet)
HPRegen 0.12/turn               (no ring)
MPRegen 0.14/turn               m - ring of magical power

@: no status effects
A: large, rugged brown scales 3, see invisible, deformed body, roll 1, armoured
tail
a: Rolling Charge, Renounce Religion


You were on level 5 of the Dungeon.
You worshipped Okawaru.
Okawaru was noncommittal.
You visited 1 branch of the dungeon, and saw 5 of its levels.

You collected 163 gold pieces.

Inventory:

Hand Weapons
 a - a +0 war axe (weapon)
 v - a +1 vorpal trident
Missiles
 i - 39 poisoned darts (quivered)
 k - 4 atropa-tipped darts
Armour
 c - a +0 buckler (worn)
 r - the +0 chain mail "Tajyuhas" (worn) {rN+ rCorr}
   (You found it on level 4 of the Dungeon)

   rN:        It protects you from negative energy.
   rCorr:     It protects you from acid and corrosion.
Jewellery
 l - a ring of resist corrosion
 m - a ring of magical power (right hand)
Wands
 p - a wand of flame (45)
Scrolls
 f - a scroll of enchant weapon
 g - a scroll of immolation {unknown}
 h - 4 scrolls of amnesia
 j - a scroll of brand weapon {unknown}
 n - a scroll of summoning {unknown}
 q - 2 scrolls of fog
 u - a scroll of enchant armour {unknown}
Potions
 d - a potion of might
 e - a potion of attraction {unknown}
 o - a potion of resistance
 s - 2 potions of mutation {unknown}
 t - 2 potions of brilliance {unknown}
 w - a potion of berserk rage {unknown}
 x - a potion of curing


   Skills:
 * Level 3.5 Fighting
 + Level 2.8 Axes
 * Level 0.4 Throwing
 + Level 3.1 Armour
 + Level 0.2 Dodging
 + Level 3.0 Shields
 * Level 1.2 Spellcasting


You had 5 spell levels left.
You didn't know any spells.
Your spell library contained the following spells:

 Spells                   Type           Power      Damage    Failure   Level
 Sandblast                Erth           0%         2d4       99%         1
 Passwall                 Tmut/Erth      0%         N/A       100%        2
 Static Discharge         Conj/Air       0%         N/A       100%        2
 Stone Arrow              Conj/Erth      0%         3d7       100%        3
 Dispel Undead            Necr           0%         3d6       100%        4
 Sticky Flame             Conj/Fire      0%         2d3       100%        4


Dungeon Overview and Level Annotations

Branches:
Dungeon (5/15)
 Temple: D:4-7

Altars:
Cheibriados
Elyvilon
Kikubaaqudgha
Okawaru
Wu Jian
Xom
Zin

Shops:
D:2 (   D:3 (   D:4 (   D:5 [


Innate Abilities, Weirdness & Mutations

You are completely covered in rugged brown scales. (AC +3, +7% HP)
You have supernaturally acute eyesight. (SInv)
Armour fits poorly on your strangely shaped body.
You can roll at nearby foes to attack.
You have a long armoured tail.


Message History

You hit the howler monkey zombie. You tail-slap the howler monkey zombie.
The howler monkey zombie is moderately damaged.
The howler monkey zombie barely misses you.
You closely miss the howler monkey zombie.
The howler monkey zombie is moderately damaged.
The howler monkey zombie hits you. x2
You slash the howler monkey zombie!
The howler monkey zombie is severely damaged.
The howler monkey zombie hits you but does no damage.
You hit the howler monkey zombie.
The howler monkey zombie is almost destroyed.
The howler monkey zombie hits you but does no damage.
You slash the howler monkey zombie!
You destroy the howler monkey zombie!
Okawaru accepts your kill.
Your Shields skill increases to level 3!
Found a robe.
b - a scroll of identify
As you read the scroll of identify, it crumbles to dust.
q - 2 scrolls of fog
Found 18 stones.
A wyvern skeleton comes into view.
The wyvern skeleton bites you.
You barely miss the wyvern skeleton. You block the wyvern skeleton's attack.
The wyvern skeleton bites you!
You barely miss the wyvern skeleton. You tail-slap the wyvern skeleton!
The wyvern skeleton is moderately damaged.
You block the wyvern skeleton's attack.
You hit the wyvern skeleton.
The wyvern skeleton is moderately damaged.
The wyvern skeleton bites you but does no damage.
The wyvern skeleton bites you.
You barely miss the wyvern skeleton.
The wyvern skeleton is moderately damaged.
The wyvern skeleton bites you! x2
* * * LOW HITPOINT WARNING * * *
You barely miss the wyvern skeleton. You tail-slap the wyvern skeleton.
The wyvern skeleton is heavily damaged.
The wyvern skeleton bites you!
You die...

#.# .## #.# ... #.# ...
#.####### # #.# #......#.
.### #.. #......#. ...# #
####.. #......#.##..##.#
#..... #......##Z......#
###.....
#........@.......
........
##.....##..(...## #.....
#.....##........####....#
#......#.................
#........#####.....#....#
#....#####...#####.#....#
#....'....._.....'.#....#
####.#####...#####.###...
#.....#####.....# #...


You could see a wyvern skeleton.

Vanquished Creatures
  A howler monkey zombie (D:5)
  4 adders
  An ufetubus (D:4)
  A worm (D:3)
  5 dart slugs
  6 bats
  6 endoplasms
  3 giant cockroaches
  8 goblins
  5 hobgoblins
  7 kobolds
  2 quokkas (D:2)
  7 ball pythons
  7 frilled lizards
  5 rats
68 creatures vanquished.

Notes
Turn   | Place    | Note
-------+----------+-------------------------------------------
     0 | D:1      | Kangaroobicon the Palentonga Fighter began the quest for
                  | the Orb.
     0 | D:1      | Reached XP level 1. HP: 19/19 MP: 1/1
    85 | D:1      | Reached XP level 2. HP: 23/25 MP: 2/2
   537 | D:2      | Reached XP level 3. HP: 12/31 MP: 3/3
   933 | D:2      | Found Duulishon's Weapon Boutique.
  1187 | D:3      | Reached XP level 4. HP: 35/37 MP: 4/4
  1538 | D:3      | Found Tena's Weapon Shoppe.
  1626 | D:3      | Reached skill level 1 in Spellcasting
  1629 | D:3      | Found a faded altar of an unknown god.
  1646 | D:3      | HP: 1/37 [poisoned by an adder]
  2927 | D:4      | Found an iron altar of Okawaru.
  2927 | D:4      | Found a faded altar of an unknown god.
  2933 | D:4      | Found an ornate altar of the Wu Jian Council.
  2935 | D:4      | Became a worshipper of Warmaster Okawaru
  2939 | D:4      | Found a faded altar of an unknown god.
  2941 | D:4      | Found a white marble altar of Elyvilon.
  3045 | D:4      | Identified the +0 chain mail "Tajyuhas" {rN+ rCorr}
  3205 | D:4      | Found Epam's Antique Weapon Shop.
  3536 | D:5      | Entered Level 5 of the Dungeon
  3536 | D:5      | Found Remuumn's Antique Armour Emporium.
  3538 | D:5      | Found an ancient bone altar of Kikubaaqudgha.
  3571 | D:5      | Found a shimmering altar of Xom.
  3571 | D:5      | Noticed an angel
  3572 | D:5      | Found a glowing silver altar of Zin.
  3593 | D:5      | Found a snail-covered altar of Cheibriados.
  3649 | D:5      | Slain by a wyvern skeleton

Illustrated notes

Levels and vault maps discovered:
D:1:      dpeg_arrival_solitude, layout_basic,
          wander_ebering_terrifying_dragon_lair
D:2:      layout_rooms, serial_shops, nicolae_shop_crystal
D:3:      layout_basic, serial_shops, nicolae_shop_bloodbath_and_beyond,
          nicolae_ecumenical_snake_handling, minmay_misc_feat_chi
D:4:      layout_loops_ring, chequers_temple_overflow_minitemple, serial_shops,
          nicolae_lakefront_shop
D:5:      layout_basic, grunt_temple_overflow_order_and_chaos_1,
          mainiacjoe_overflow_surrounded_room, nicolae_tso_swordbearing_angel,
          overflow_temple_1_default, serial_shops, nicolae_stop_n_shop_1

Skill      XL: |  1  2  3  4 |
---------------+-------------+-----
Armour         | 3 |  3.1
Spellcasting   | 1 |  1.2
Shields        | 3 |  3.0
Fighting       | |  3.5
Axes           | |  2.8
Throwing       | |  0.4
Dodging        | |  0.2

Action                   |  1- 3 |  4- 6 || total
-------------------------+-------+-------++-------
Melee: War axe           |   100 |    81 ||   181
       Tailslap          |    13 |     7 ||    20
  Use: Potion            |     1 |     2 ||     3
       Scroll            |     1 |     5 ||     6
Armor: Scale mail        |    55 |    30 ||    85
       Chain mail        |       |     8 ||     8
Dodge: Dodged            |    33 |    45 ||    78
Block: Buckler           |    18 |    21 ||    39
